 Dungeon Crawl Stone Soup version 0.29-a0-1027-gcd8c55af63 (console) character file.

Game seed: 13679432666900118330

10 desmond the Firebug (level 2, 0/20 HPs)
             Began as a Draconian Fire Elementalist on Aug 12, 2022.
             Slain by a frilled lizard (1 damage)
             ... on level 1 of the Dungeon.
             The game lasted 00:07:00 (672 turns).

desmond the Firebug (Draconian Fire Elementalist)    Turns: 672, Time: 00:07:00

Health: 0/20       AC:  4    Str: 10    XL:     2   Next: 10%
Magic:  5/5        EV: 12    Int: 15    God:
Gold:   0          SH:  0    Dex: 11    Spells: 4/5 levels left

rFire   . . .      SeeInvis .   b - +0 club
rCold   . . .      Faith    .   (no shield)
rNeg    . . .      Spirit   .   (body armour unavailable)
rPois   .          Reflect  .   (helmet restricted)
rElec   .          Harm     .   (no cloak)
rCorr   .          Rampage  .   (no gloves)
Will    .....                   (no boots)
Stlth   ++........              (no amulet)
HPRegen 0.06/turn               (no ring)
MPRegen 0.09/turn               (no ring)

@: no status effects
A: AC +4, unfitting armour, cold-blooded
a: no special abilities


You were on level 1 of the Dungeon.
You visited 1 branch of the dungeon, and saw 1 of its levels.

Inventory:

Hand Weapons
 b - a +0 club (weapon)
Potions
 a - a potion of magic


   Skills:
 + Level 1.9 Dodging
 + Level 1.9 Stealth
 + Level 0.2 Unarmed Combat
 + Level 2.0 Spellcasting
 + Level 1.0 Conjurations
 + Level 3.4 Fire Magic


You had 4 spell levels left.
You knew the following spells:

 Your Spells              Type           Power      Damage    Failure   Level
a - Foxfire               Conj/Fire      32%        2x1d5     9%          1

Your spell library contained the following spells:

 Spells                   Type           Power      Damage    Failure   Level
 Scorch                   Fire           22%        2d6       9%          2
 Conjure Flame            Conj/Fire      8%         6-21      26%         3
 Inner Flame              Hex/Fire       6%         N/A       32%         3
 Flame Wave               Conj/Fire      8%         2d5       65%         4


Dungeon Overview and Level Annotations

Branches:
Dungeon (1/15)

Altars:

Shops:
D:1 !


Innate Abilities, Weirdness & Mutations

Your plain brown scales are hard. (AC +4)
You cannot fit into any form of body armour.
You are cold-blooded and may be slowed by cold attacks.


Message History

* * * LOW HITPOINT WARNING * * *
You hit the hobgoblin but do no damage.
The hobgoblin is almost dead.
The bat barely misses you. The hobgoblin closely misses you.
The frilled lizard bites you.
* * * LOW HITPOINT WARNING * * *
You hit the hobgoblin.
You kill the hobgoblin!
The bat closely misses you. The frilled lizard closely misses you.
The frilled lizard bites you.
* * * LOW HITPOINT WARNING * * *
The bat barely misses you. The frilled lizard misses you.
You see here a hobgoblin corpse.
You closely miss the bat. The bat closely misses you. The bat misses you.
The frilled lizard closely misses you.
You closely miss the bat. The bat hits you but does no damage.
The frilled lizard closely misses you. The bat misses you.
The bat barely misses you. x2
The frilled lizard bites you but does no damage.
You miss the frilled lizard. The bat barely misses you.
The frilled lizard bites you but does no damage.
The frilled lizard barely misses you.
You barely miss the frilled lizard. The bat hits you but does no damage.
The frilled lizard bites you but does no damage.
You barely miss the frilled lizard. The bat closely misses you.
The frilled lizard barely misses you.
You barely miss the frilled lizard. The bat misses you.
The frilled lizard completely misses you.
The frilled lizard closely misses you.
You barely miss the frilled lizard. The bat hits you but does no damage.
The frilled lizard closely misses you.
You completely miss the frilled lizard.
Your tail-slap misses the frilled lizard.
The bat misses you. The bat closely misses you.
The frilled lizard barely misses you. The bat completely misses you.
The frilled lizard closely misses you.
You see here a hobgoblin corpse.
The bat hits you but does no damage.
The frilled lizard bites you but does no damage.
You miss the bat. The bat hits you but does no damage.
The frilled lizard closely misses you.
You barely miss the bat. The bat hits you.
* * * LOW HITPOINT WARNING * * *
The bat hits you but does no damage.
The frilled lizard completely misses you.
The frilled lizard bites you.
You die...

######...###..........>##
#........)...#......#. ##
#.#.##...#.#........... #
# ##.##....#.. #. #.#
..... #.###.##.....#
#......#.)....
#......#..#...
##............
#....†..?$..#
#...l@b......
#...##.....#. #...
....... ..... ....#..
###... .#..... #...
....... #.#. ##.#.## #...
.# ######## #...<...


You could see a bat and a frilled lizard.

Vanquished Creatures
  A ball python (D:1)
  2 endoplasms (D:1)
  3 hobgoblins (D:1)
  A bat (D:1)
  A frilled lizard (D:1)
  A goblin (D:1)
9 creatures vanquished.

Vanquished Creatures (others)
  6 fungi (D:1)
  7 plants (D:1)
13 creatures vanquished.

Grand Total: 22 creatures vanquished

Notes
Turn   | Place    | Note
-------+----------+-------------------------------------------
     0 | D:1      | desmond the Draconian Fire Elementalist began the quest for
                  | the Orb.
     0 | D:1      | Reached XP level 1. HP: 14/14 MP: 3/3
   276 | D:1      | Found a faded altar of an unknown god.
   453 | D:1      | Found Darghahaj's Distillery.
   654 | D:1      | Reached XP level 2. HP: 5/20 MP: 5/5
   658 | D:1      | HP: 1/20 [frilled lizard (2)]
   672 | D:1      | HP: 1/20 [bat (1)]
   672 | D:1      | Slain by a frilled lizard

Illustrated notes

Levels and vault maps discovered:
D:1:      elethiomel_arrival_quiet, layout_loops_ring,
          dreamdust_ecumenical_altar_grove, serial_shops,
          nicolae_shop_behind_doors, grunt_decor_mini_mirrors,
          minmay_misc_feat_more_columns

Action                   || total
-------------------------++-------
Melee: Club              ||    69
       Unarmed           ||    11
       Tailslap          ||    11
       Punch             ||     1
Armor: Skin              ||    30
Dodge: Dodged            ||    74

Table legend: (Time is in decaauts)
 A = Elapsed time spent in this place.
 B = Non-inter-level travel time spent in this place.
 C = Inter-level travel time spent in this place.
 D = Time resting spent in this place.
 E = Time spent auto-exploring this place.
 F = Levels seen in this place.
 G = Mean time per level.
                   A        B        C        D        E       F      G
               +--------+--------+--------+--------+--------+-----+--------+
         Total |    691 |    691 |      0 |      0 |      0 |   1 |  691.0 |
       Dungeon |    691 |    691 |      0 |      0 |      0 |   1 |  691.0 |
               +--------+--------+--------+--------+--------+-----+--------+

Top non-repeatable levels by time:
     D:1: 691 daAuts
